 Dungeon Crawl Stone Soup version 0.30.1-11-g7821555f0a (webtiles) character file.

Game seed: 3612614240861130692

237 Peloso the Covered (level 5, 0/47 HPs)
             Began as a Minotaur Fighter on Oct 27, 2023.
             Slain by Blork the orc
             ... wielding a +0 glaive
              (7 damage)
             ... on level 5 of the Dungeon.
             The game lasted 00:04:32 (2066 turns).

Peloso the Covered (Minotaur Fighter)               Turns: 2066, Time: 00:04:33

Health: 0/47       AC: 11    Str: 20    XL:     5   Next: 77%
Magic:  4/4        EV:  8    Int:  5    God:
Gold:   171        SH:  0    Dex: 12    Spells: 4/4 levels left

rFire   . . .        a - +0 long sword
rCold   . . .        d - +0 buckler
rNeg    . . .        e - +0 chain mail
rPois   .            (helmet restricted)
rElec   .            c - +0 cloak
rCorr   .            (no gloves)
SInv    .            (no boots)
Will    .....        (no amulet) Stlth
                     (no ring)
HPRegen 0.27/turn    (no ring)
MPRegen 0.09/turn

%: no passive effects
@: confused
A: horns 2, retaliatory headbutt
a: no special abilities


You were on level 5 of the Dungeon.
You visited 1 branch of the dungeon, and saw 4 of its levels.

You collected 171 gold pieces.

Inventory:

Hand Weapons
 a - a +0 long sword (weapon)
Armour
 b - a +0 scale mail
 c - a +0 cloak (worn)
 d - a +0 buckler (worn)
 e - a +0 chain mail (worn)
Jewellery
 r - a +6 ring of intelligence
Wands
 i - a wand of polymorph (6)
Scrolls
 f - 2 scrolls of teleportation
 g - 2 scrolls of noise {unknown}
 j - a scroll of fog
 k - a scroll of acquirement {unknown}
 m - a scroll of enchant armour
 n - 2 scrolls of fear {unknown}
Potions
 h - a potion of might
 l - a potion of invisibility
 o - a potion of mutation
 p - a potion of heal wounds
 q - 2 potions of lignification


   Skills:
 + Level 4.5 Fighting
 + Level 4.7 Long Blades
 + Level 5.0 Armour
 + Level 1.1 Dodging
 + Level 0.2 Stealth
 + Level 4.5 Shields


You had 4 spell levels left.
You didn't know any spells.
Your spell library contained the following spells:

 Spells                   Type           Power      Damage    Failure   Level
 Poisonous Vapours        Pois/Air       0%         N/A       100%        2
 Mephitic Cloud           Conj/Pois/Air  0%         N/A       100%        3
 Tukima's Dance           Hex            0%         N/A       100%        3
 Passage of Golubria      Tloc           0%         N/A       100%        4
 Freezing Cloud           Conj/Ice/Air   0%         6-21      100%        5
 Yara's Violent Unravell  Hex/Tmut       0%         3d3       100%        5


Dungeon Overview and Level Annotations

Branches:
Dungeon (3/15)

Altars:

Shops:
D:1 !

Annotations:
D:3 1 runed translucent door, Crazy Yiuf
D:5 Blork the orc, Sigmund


Innate Abilities, Weirdness & Mutations

You have a pair of horns on your head.
You reflexively headbutt those who attack you in melee.


Message History

Blork the orc looks satisfied for a moment.
Sigmund points at you and mumbles some strange words.
You are confused.
Blork the orc casts a spell at you. The puff of frost hits you.
Sigmund casts a spell at you.
You are more confused.
You bump into the stone wall.
Blork the orc hits you from afar with a +0 glaive.
Sigmund points at you and mumbles some strange words.
You struggle to resist.
You bump into the stone wall.
Blork the orc barely misses you.
Sigmund gestures wildly while chanting.
Sigmund flickers and vanishes!
Deactivating autopickup; reactivate with Ctrl-A.
A puff of flame appears from out of thin air!
The puff of flame hits you.
Blork the orc screams, "I'll break your arms!"
Unknown command.
Blork the orc mumbles some strange words.
Blork the orc seems to speed up.
A puff of flame appears from out of thin air!
The puff of flame hits you! Blork the orc closely misses you.
Blork the orc hits you from afar with a +0 glaive!
* * * LOW HITPOINT WARNING * * *
Unknown command.
Blork the orc hits you from afar with a +0 glaive.
* * * LOW HITPOINT WARNING * * *
You are too confused!
Okay, then.
Blork the orc hits you with a +0 glaive.
* * * LOW HITPOINT WARNING * * *
A magic dart appears from out of thin air!
The magic dart hits you.
* * * LOW HITPOINT WARNING * * *
Unknown command.
Blork the orc attacks as you move away! Blork the orc closely misses you.
Blork the orc hits you from afar with a +0 glaive!
You die...

#...........#### ..## #.### ##
#......# ...###..#####†## ##.
#......## #.............###..
#.......###..............#...
#.......##...................
#.......{#...................
#.........................#..
#..####......................
..(.........o.@................
....#.#####.#.................>.
.##.#. #.##.................. #
#..........#.....#....
#..####.#)##########.. ...#
#..... ##. ##.# ###.### . .# .#
#


You could see Blork the orc (fast).

Vanquished Creatures
  A black bear (D:5)
  2 orc priests (D:3)
  3 adders
  2 worms (D:2)
  A dart slug (D:2)
  3 orcs
  4 ball pythons
  5 bats
  An endoplasm (D:1)
  2 giant cockroaches (D:2)
  8 goblins
  3 hobgoblins
  5 jackals (D:3)
  4 kobolds
  3 frilled lizards
  4 rats
51 creatures vanquished.

Notes
Turn   | Place    | Note
-------+----------+-------------------------------------------
     0 | D:1      | Peloso the Minotaur Fighter began the quest for the Orb.
     0 | D:1      | Reached XP level 1. HP: 19/19 MP: 0/0
   218 | D:1      | Reached XP level 2. HP: 26/27 MP: 1/1
   314 | D:1      | Reached skill level 4 in Armour
   430 | D:1      | Found Ichaezou's Distillery.
   570 | D:2      | Reached XP level 3. HP: 33/33 MP: 2/2
  1375 | D:3      | Reached XP level 4. HP: 38/40 MP: 3/3
  1383 | D:3      | HP: 1/40 [orc priest/divine providence (13)]
  1490 | D:3      | HP: 2/40 [orc priest/+0 dagger (2)]
  1664 | D:3      | Reached XP level 5. HP: 46/47 MP: 4/4
  1881 | D:3      | Found a runed translucent door.
  1882 | D:3      | Noticed Crazy Yiuf
  1919 | D:3      | You fall into a shaft and drop 2 floors!
  1919 | D:5      | Entered Level 5 of the Dungeon
  1931 | D:5      | Noticed a black bear
  1944 | D:5      | Killed a black bear
  1945 | D:5      | Reached skill level 5 in Armour
  1945 | D:5      | Reached skill level 1 in Dodging
  2048 | D:5      | Noticed Blork the orc
  2049 | D:5      | Noticed Sigmund
  2066 | D:5      | Slain by Blork the orc

Illustrated notes

Levels and vault maps discovered:
D:1:      dpeg_arrival_three_smaller_balls, layout_rooms, serial_shops,
          nicolae_shop_real_fake_doors
D:2:      minmay_general_purpose_star, layout_rooms, minmay_goblin_outpost
D:3:      layout_basic, uniq_crazy_yiuf_cottage, uniq_grinder
D:5:      layout_rooms, cheibrodos_worm_habitat, gammafunk_ghost_cemetery,
          uniq_sigmund, uniq_blork_the_orc

Skill      XL: |  1  2  3  4  5 |
---------------+----------------+-----
Armour         | 4 5 |  5.0
Fighting       | 4 |  4.5
Shields        | 4 |  4.5
Long Blades    | 3 4 |  4.7
Dodging        | 1 |  1.1
Stealth        | |  0.2

Action                     |  1- 3 |  4- 6 || total
---------------------------+-------+-------++-------
  Melee: Long sword        |    97 |    42 ||   139
         Headbutt          |     7 |     9 ||    16
    Use: Scroll            |     3 |     4 ||     7
         Potion            |       |     1 ||     1
 Armour: Scale mail        |    78 |    12 ||    90
         Chain mail        |       |    14 ||    14
  Dodge: Dodged            |    48 |    19 ||    67
  Block: Buckler           |    27 |    10 ||    37
